2251 views
Uploaded 2022-05-02 20:03:29
Game version 1.32.10
16:08 long 1on1on1on1 ladder game on (8)TwilightRuins_LV
Saved by ǢƂŎ
2251 views
Uploaded 2022-05-02 20:03:29
Game version 1.32.10
16:08 long 1on1on1on1 ladder game on (8)TwilightRuins_LV

20 units @ 4.4k
/ 0.9k
16 buildings @ 2.6k
/ 1k


| Orb of Corruption | 1 | 375 |
| Potion of Healing | 1 | 150 |
| total: | 2 | 525g |
| Acolyte | 3 | 225 | / | 0 |
| Ghoul | 3 | 360 | / | 0 |
| Crypt Fiend | 5 | 1075 | / | 200 |
| Obsidian Statue | 4 | 800 | / | 140 |
| Frost Wyrm | 4 | 1540 | / | 480 |
| Goblin Shredder | 1 | 375 | / | 100 |
| total: | 20 | 4375g | / | 920w |
| Crypt | 2 | 400 | / | 100 |
| Graveyard | 1 | 215 | / | 0 |
| Altar of Darkness | 1 | 180 | / | 50 |
| Ziggurat | 9 | 1350 | / | 450 |
| Tomb of Relics | 1 | 130 | / | 30 |
| Slaughterhouse | 1 | 140 | / | 135 |
| Boneyard | 1 | 175 | / | 200 |
| Halls of the Dead | 1 | 320 | / | 210 |
| Black Citadel | 1 | 325 | / | 230 |
| total: | 16 | 2590g | / | 965w |
| 0:01 | Acolyte |
| 0:04 | Crypt |
| 0:06 | Crypt |
| 0:12 | Graveyard |
| 0:19 | Acolyte |
| 0:42 | Altar of Darkness |
| 0:56 | Ziggurat |
| 1:10 | Ghoul |
| 1:21 | Acolyte |
| 1:39 | Ziggurat |
| 1:51 | Ghoul |
| 2:03 | Ghoul |
| 2:05 | Crypt Fiend |
| 2:29 | Crypt Fiend |
| 2:48 | Carrion Beetles |
| 3:01 | Halls of the Dead |
| 3:20 | Crypt Fiend |
| 3:54 | Ziggurat |
| 3:57 | Ziggurat |
| 4:03 | Crypt Fiend |
| 4:10 | Tomb of Relics |
| 4:21 | Creature Attack |
| 4:39 | Impale |
| 5:07 | Goblin Shredder |
| 5:32 | Black Citadel |
| 5:32 | Burrow |
| 6:32 | Carrion Beetles |
| 6:34 | Slaughterhouse |
| 6:49 | Ziggurat |
| 7:08 | Ziggurat |
| 7:18 | Death Coil |
| 8:01 | Boneyard |
| 8:02 | Obsidian Statue |
| 8:03 | Destroyer Form |
| 8:47 | Obsidian Statue |
| 8:49 | Creature Carapace |
| 9:08 | Orb of Corruption |
| 9:09 | Potion of Healing |
| 9:24 | Frost Wyrm |
| 9:42 | Obsidian Statue |
| 10:20 | Impale |
| 10:44 | Frost Wyrm |
| 12:00 | Unholy Aura |
| 12:05 | Ziggurat |
| 12:54 | Frost Wyrm |
| 13:37 | Crypt Fiend |
| 13:48 | Obsidian Statue |
| 14:23 | Frost Wyrm |
| 14:39 | Ziggurat |
| 15:12 | Ziggurat |
| Select group | 757 |
| Right click | 649 |
| Chat | 457 |
| Select | 298 |
| Misc. action | 140 |
| Assign group | 65 |
| Build/train/purchase | 65 |
| Use ability | 23 |
| Item give/drop | 2 |
| Esc | 2 |
26 units @ 3.1k
/ 0.3k
14 buildings @ 2.7k
/ 0.9k



| Healing Salve | 8 | 800 |
| Orb of Lightning | 1 | 375 |
| Potion of Mana | 1 | 200 |
| Lesser Clarity Potion | 1 | 70 |
| total: | 11 | 1445g |
| Peon | 9 | 675 | / | 0 |
| Troll Headhunter | 13 | 1820 | / | 260 |
| Troll Berserker | 4 | 560 | / | 80 |
| total: | 26 | 3055g | / | 340w |
| Orc Burrow | 5 | 800 | / | 200 |
| Altar of Storms | 1 | 180 | / | 50 |
| War Mill | 1 | 205 | / | 0 |
| Barracks | 2 | 360 | / | 100 |
| Voodoo Lounge | 2 | 260 | / | 60 |
| Great Hall | 2 | 770 | / | 370 |
| Spirit Lodge | 1 | 150 | / | 150 |
| Stronghold | 2 | 630 | / | 380 |
| Fortress | 2 | 650 | / | 380 |
| total: | 14 | 2725g | / | 930w |
| 0:02 | Peon |
| 0:02 | Peon |
| 0:02 | Peon |
| 0:18 | Orc Burrow |
| 0:33 | Altar of Storms |
| 0:38 | Peon |
| 0:49 | War Mill |
| 0:59 | Peon |
| 1:05 | Barracks |
| 1:13 | Peon |
| 1:13 | Peon |
| 1:22 | Peon |
| 1:46 | Orc Burrow |
| 1:48 | Peon |
| 2:06 | Troll Headhunter |
| 2:19 | Voodoo Lounge |
| 2:37 | Mirror Image |
| 2:49 | Troll Headhunter |
| 2:52 | Troll Headhunter |
| 3:04 | Troll Headhunter |
| 3:14 | Stronghold |
| 3:35 | Troll Headhunter |
| 4:23 | Troll Headhunter |
| 4:26 | Great Hall |
| 4:29 | Critical Strike |
| 4:48 | Troll Headhunter |
| 5:01 | Orc Burrow |
| 5:12 | Healing Salve |
| 5:26 | Barracks |
| 5:38 | Healing Salve |
| 5:41 | Troll Headhunter |
| 5:42 | Troll Regeneration |
| 5:56 | Voodoo Lounge |
| 6:58 | Troll Headhunter |
| 7:05 | Fortress |
| 7:17 | Hex |
| 7:24 | Troll Headhunter |
| 7:25 | Healing Salve |
| 7:25 | Healing Salve |
| 7:41 | Troll Headhunter |
| 7:47 | Mirror Image |
| 8:04 | Troll Headhunter |
| 8:12 | Troll Headhunter |
| 8:49 | Great Hall |
| 9:10 | Orc Burrow |
| 9:11 | Orc Burrow |
| 9:30 | Berserker Upgrade |
| 9:51 | Healing Wave |
| 10:45 | Troll Berserker |
| 10:47 | Steel Ranged Weapons |
| 10:50 | Healing Salve |
| 10:51 | Orb of Lightning |
| 10:51 | Healing Salve |
| 11:11 | Spirit Lodge |
| 11:45 | Troll Berserker |
| 11:49 | War Stomp |
| 11:55 | Troll Berserker |
| 12:07 | Healing Salve |
| 12:07 | Healing Salve |
| 12:13 | Potion of Mana |
| 12:13 | Lesser Clarity Potion |
| 13:05 | Troll Berserker |
| 13:06 | Witch Doctor Adept Training |
| 13:07 | Shaman Adept Training |
| 13:07 | Shaman Master Training |
| 13:11 | Critical Strike |
| 13:21 | Steel Armor |
| 13:34 | Healing Wave |
| 15:05 | Endurance Aura |
| Right click | 1264 |
| Chat | 669 |
| Select group | 484 |
| Select | 427 |
| Misc. action | 201 |
| Build/train/purchase | 108 |
| Assign group | 60 |
| Use ability | 28 |
| Item give/drop | 5 |
| Esc | 3 |
22 units @ 3.7k
/ 0.7k
18 buildings @ 2.9k
/ 1.4k



| Rod of Necromancy | 2 | 300 |
| Ritual Dagger | 1 | 125 |
| Orb of Corruption | 1 | 375 |
| Claws of Attack +12 | 1 | 500 |
| Ancient Janggo of Endurance | 1 | 500 |
| total: | 6 | 1800g |
| Acolyte | 8 | 600 | / | 0 |
| Ghoul | 2 | 240 | / | 0 |
| Crypt Fiend | 3 | 645 | / | 120 |
| Obsidian Statue | 4 | 800 | / | 140 |
| Frost Wyrm | 2 | 770 | / | 240 |
| Banshee | 2 | 310 | / | 60 |
| Goblin Shredder | 1 | 375 | / | 100 |
| total: | 22 | 3740g | / | 660w |
| Nerubian Tower | 1 | 100 | / | 20 |
| Spirit Tower | 2 | 290 | / | 80 |
| Crypt | 1 | 200 | / | 50 |
| Graveyard | 1 | 215 | / | 0 |
| Ziggurat | 8 | 1200 | / | 400 |
| Altar of Darkness | 1 | 180 | / | 50 |
| Tomb of Relics | 1 | 130 | / | 30 |
| Necropolis | 1 | 225 | / | 0 |
| Slaughterhouse | 1 | 140 | / | 135 |
| Temple of the Damned | 1 | 155 | / | 140 |
| Sacrificial Pit | 1 | 75 | / | 150 |
| Boneyard | 2 | 350 | / | 400 |
| Halls of the Dead | 1 | 320 | / | 210 |
| Black Citadel | 1 | 325 | / | 230 |
| total: | 18 | 2870g | / | 1355w |
| 0:05 | Acolyte |
| 0:05 | Acolyte |
| 0:21 | Crypt |
| 0:23 | Graveyard |
| 0:40 | Ziggurat |
| 0:58 | Altar of Darkness |
| 1:22 | Ghoul |
| 1:22 | Ghoul |
| 1:51 | Tomb of Relics |
| 1:52 | Ziggurat |
| 1:54 | Ziggurat |
| 2:12 | Crypt Fiend |
| 2:38 | Crypt Fiend |
| 2:59 | Rod of Necromancy |
| 3:05 | Sleep |
| 3:08 | Acolyte |
| 3:25 | Crypt Fiend |
| 3:50 | Halls of the Dead |
| 4:34 | Carrion Swarm |
| 4:50 | Necropolis |
| 4:53 | Ziggurat |
| 5:16 | Creature Attack |
| 5:46 | Carrion Swarm |
| 5:57 | Goblin Shredder |
| 6:24 | Slaughterhouse |
| 6:28 | Acolyte |
| 6:29 | Acolyte |
| 6:36 | Breath of Fire |
| 6:38 | Acolyte |
| 7:14 | Drunken Haze |
| 7:15 | Acolyte |
| 7:21 | Black Citadel |
| 7:41 | Sleep |
| 8:04 | Obsidian Statue |
| 8:06 | Improved Creature Attack |
| 8:07 | Obsidian Statue |
| 8:08 | Burrow |
| 8:09 | Web |
| 8:10 | Creature Carapace |
| 8:15 | Ziggurat |
| 8:25 | Rod of Necromancy |
| 8:25 | Ritual Dagger |
| 9:17 | Claws of Attack +12 |
| 9:33 | Breath of Fire |
| 9:43 | Boneyard |
| 9:44 | Boneyard |
| 9:45 | Temple of the Damned |
| 9:50 | Ziggurat |
| 9:51 | Ziggurat |
| 9:52 | Ziggurat |
| 9:54 | Nerubian Tower |
| 10:01 | Destroyer Form |
| 10:27 | Advanced Creature Attack |
| 10:41 | Orb of Corruption |
| 11:00 | Frost Nova |
| 11:08 | Spirit Tower |
| 11:09 | Improved Creature Carapace |
| 11:11 | Banshee Adept Training |
| 11:12 | Necromancer Adept Training |
| 11:54 | Freezing Breath |
| 12:14 | Ancient Janggo of Endurance |
| 12:24 | Carrion Swarm |
| 12:32 | Drunken Haze |
| 12:54 | Frost Armor |
| 13:06 | Frost Wyrm |
| 13:08 | Obsidian Statue |
| 13:08 | Obsidian Statue |
| 13:09 | Banshee |
| 13:10 | Banshee |
| 13:10 | Banshee Master Training |
| 13:43 | Frost Nova |
| 13:57 | Spirit Tower |
| 14:04 | Advanced Creature Carapace |
| 14:45 | Frost Wyrm |
| 14:50 | Sacrificial Pit |
| 15:19 | Acolyte |
| Right click | 949 |
| Select group | 402 |
| Select | 292 |
| Build/train/purchase | 91 |
| Chat | 68 |
| Use ability | 45 |
| Assign group | 33 |
| Misc. action | 14 |
| Item give/drop | 4 |
34 units @ 5k
/ 0.7k
21 buildings @ 3.3k
/ 1.5k



| Rod of Necromancy | 1 | 150 |
| Ritual Dagger | 1 | 125 |
| total: | 2 | 275g |
| Acolyte | 14 | 1050 | / | 0 |
| Ghoul | 3 | 360 | / | 0 |
| Necromancer | 4 | 580 | / | 80 |
| Obsidian Statue | 3 | 600 | / | 105 |
| Meat Wagon | 6 | 1380 | / | 300 |
| Crypt Fiend | 3 | 645 | / | 120 |
| Goblin Shredder | 1 | 375 | / | 100 |
| total: | 34 | 4990g | / | 705w |
| Nerubian Tower | 2 | 200 | / | 40 |
| Altar of Darkness | 1 | 180 | / | 50 |
| Ziggurat | 9 | 1350 | / | 450 |
| Graveyard | 1 | 215 | / | 0 |
| Crypt | 1 | 200 | / | 50 |
| Tomb of Relics | 1 | 130 | / | 30 |
| Necropolis | 1 | 225 | / | 0 |
| Temple of the Damned | 2 | 310 | / | 280 |
| Slaughterhouse | 5 | 700 | / | 675 |
| Halls of the Dead | 1 | 320 | / | 210 |
| Black Citadel | 1 | 325 | / | 230 |
| total: | 21 | 3310g | / | 1535w |
| 0:07 | Acolyte |
| 0:07 | Acolyte |
| 0:07 | Acolyte |
| 0:13 | Altar of Darkness |
| 0:23 | Ziggurat |
| 1:17 | Graveyard |
| 1:23 | Crypt |
| 1:27 | Tomb of Relics |
| 1:36 | Ziggurat |
| 2:23 | Carrion Beetles |
| 2:29 | Ghoul |
| 2:29 | Ghoul |
| 2:30 | Ghoul |
| 2:56 | Unholy Strength |
| 3:11 | Rod of Necromancy |
| 3:11 | Ritual Dagger |
| 3:27 | Unholy Armor |
| 3:31 | Acolyte |
| 3:31 | Acolyte |
| 3:31 | Acolyte |
| 3:31 | Acolyte |
| 3:32 | Acolyte |
| 4:16 | Spiked Carapace |
| 4:58 | Halls of the Dead |
| 5:02 | Ziggurat |
| 5:03 | Ziggurat |
| 5:04 | Ziggurat |
| 5:14 | Ziggurat |
| 5:56 | Goblin Shredder |
| 6:18 | Carrion Beetles |
| 6:29 | Ziggurat |
| 6:29 | Ziggurat |
| 6:30 | Ziggurat |
| 6:32 | Necropolis |
| 7:23 | Black Citadel |
| 7:43 | Temple of the Damned |
| 7:44 | Temple of the Damned |
| 7:50 | Slaughterhouse |
| 7:53 | Slaughterhouse |
| 8:18 | Improved Unholy Strength |
| 8:30 | Slaughterhouse |
| 8:34 | Slaughterhouse |
| 8:40 | Slaughterhouse |
| 8:45 | Nerubian Tower |
| 8:49 | Death Coil |
| 9:14 | Skeletal Mastery |
| 9:14 | Necromancer Adept Training |
| 9:15 | Necromancer |
| 9:24 | Advanced Unholy Strength |
| 9:48 | Disease Cloud |
| 9:50 | Exhume Corpses |
| 9:51 | Obsidian Statue |
| 9:53 | Meat Wagon |
| 10:07 | Acolyte |
| 10:07 | Acolyte |
| 10:07 | Acolyte |
| 10:07 | Acolyte |
| 10:07 | Acolyte |
| 10:22 | Necromancer Master Training |
| 10:23 | Necromancer |
| 10:34 | Unholy Aura |
| 10:39 | Impale |
| 11:21 | Sleep |
| 11:26 | Meat Wagon |
| 11:29 | Obsidian Statue |
| 11:32 | Web |
| 11:32 | Crypt Fiend |
| 11:32 | Crypt Fiend |
| 11:58 | Acolyte |
| 12:06 | Meat Wagon |
| 12:08 | Obsidian Statue |
| 12:13 | Improved Unholy Armor |
| 12:18 | Necromancer |
| 12:53 | Nerubian Tower |
| 13:58 | Necromancer |
| 14:00 | Meat Wagon |
| 14:29 | Crypt Fiend |
| 14:33 | Meat Wagon |
| 14:36 | Vampiric Aura |
| 15:00 | Meat Wagon |
| 15:19 | Death Pact |
| Right click | 439 |
| Select | 241 |
| Select group | 238 |
| Build/train/purchase | 89 |
| Assign group | 30 |
| Use ability | 18 |
| Misc. action | 3 |
| Item give/drop | 1 |
| Remove unit | 1 |
⇛